 Dungeon Crawl Stone Soup version 0.31.0-12-g77e489cdc1 (webtiles) character file.

Game seed: 7513451830323766348

1750 Silvore the Slasher (level 8, 0/63 HPs)
             Began as a Demonspawn Fighter on Feb 14, 2024.
             Was a Follower of Okawaru.
             Slain by a water moccasin (5 damage)
             ... on level 7 of the Dungeon.
             The game lasted 00:07:07 (5565 turns).

Silvore the Slasher (Demonspawn Fighter)            Turns: 5565, Time: 00:07:07

Health: 0/63       AC: 16    Str: 20    XL:     8   Next: 78%
Magic:  8/8        EV:  6    Int: 14    God:    Okawaru [*.....]
Gold:   305        SH:  5    Dex: 12    Spells: 7/7 levels left

rFire   . . .        a - +1 long sword
rCold   . . .        c - +0 buckler
rNeg    . . .        i - +1 plate armour
rPois   .            (no helmet)
rElec   .            (no cloak)
rCorr   +            u - +0 pair of gloves
SInv    .            (no boots)
Will    .....        o - amulet of magic regeneration Stlth
                     d - ring of resist corrosion
HPRegen 0.30/turn    f - +6 ring of intelligence
MPRegen 0.51/turn

%: no passive effects
@: no status effects
A: molten scales 1, (demonic guardian 1), weakness stinger 2
a: Renounce Religion, Heroism


You were on level 7 of the Dungeon.
You worshipped Okawaru.
Okawaru was aware of your devotion.
You visited 2 branches of the dungeon, and saw 8 of its levels.

You collected 305 gold pieces.

Inventory:

Hand Weapons
 a - a +1 long sword (weapon)
Armour
 b - a +0 scale mail
 c - a +0 buckler (worn)
 i - a +1 plate armour (worn)
 u - a +0 pair of gloves (worn)
Jewellery
 d - a ring of resist corrosion (left hand)
 f - a +6 ring of intelligence (right hand)
 o - an amulet of magic regeneration (around neck)
 t - a ring of fire
Wands
 r - a wand of polymorph (11)
Scrolls
 l - 7 scrolls of teleportation
 s - a scroll of blinking
 v - a scroll of revelation
Potions
 e - a potion of ambrosia
 g - 2 potions of curing
 h - a potion of brilliance
 k - 3 potions of invisibility
 m - a potion of degeneration
 n - a potion of magic {unknown}
 p - a potion of might
 q - a potion of cancellation {unknown}


   Skills:
 + Level 5.4 Fighting
 + Level 7.1 Long Blades
 + Level 5.4 Armour
 + Level 0.8 Dodging
 + Level 0.1 Stealth
 + Level 4.9 Shields


You had 7 spell levels left.
You didn't know any spells.
Your spell library contained the following spells:

 Spells                   Type           Power      Damage    Failure   Level
 Ozocubu's Armour         Ice            0%         N/A       100%        3
 Metabolic Englaciation   Hex/Ice        0%         N/A       100%        5
 Sculpt Simulacrum        Ice/Alch       Unusable   N/A       N/A         6

Dungeon Overview and Level Annotations

Branches:
Dungeon (7/15)             Temple (1/1) D:5

Altars:
Ashenzari
Cheibriados
Dithmenos
Fedhas
Gozag
Hepliaklqana
Kikubaaqudgha
Makhleb
Okawaru
Qazlal
Ru
Sif Muna
Trog
Uskayaw
Vehumet
Xom
Yredelemnul

Shops:
D:7 (


Innate Abilities, Weirdness & Mutations

You are partially covered in molten scales. (AC +2)
((A weak demonic guardian rushes to your aid.))
You have a tail ending in a sharp stinger.


Message History

The steam dragon claws you but does no damage.
The water moccasin is engulfed in a cloud of scalding steam.
The water moccasin bites you but does no damage.
You barely miss the steam dragon.
Your tail-slap misses the steam dragon.
The steam dragon is almost dead.
The water moccasin bites you!
* * * LOW HITPOINT WARNING * * *
You are lethally poisoned!
The water moccasin poisons you! The steam dragon bites you.
* * * LOW HITPOINT WARNING * * *
The steam dragon claws you but does no damage.
You feel better. You block the water moccasin's attack.
The steam dragon barely misses you. x2; You block the water moccasin's attack.
You hit the steam dragon but do no damage.
The steam dragon is almost dead.
The water moccasin barely misses you. The steam dragon breathes steam at you.
The ball of steam misses you.
You slash the steam dragon!
You kill the steam dragon!
Okawaru accepts your kill.
You are engulfed in a cloud of scalding steam.
* * * LOW HITPOINT WARNING * * *
The water moccasin bites you but does no damage.
The water moccasin bites you.
* * * LOW HITPOINT WARNING * * *
The water moccasin bites you.
* * * LOW HITPOINT WARNING * * *
You closely miss the water moccasin.
The water moccasin is severely wounded.
The water moccasin barely misses you.
The water moccasin bites you but does no damage.
You miss the water moccasin.
The water moccasin is severely wounded.
The water moccasin bites you.
* * * LOW HITPOINT WARNING * * *
You closely miss the water moccasin.
The water moccasin is severely wounded.
The water moccasin bites you.
You die...

######### #....$... #........
+........ ######........
...#.#.S..#........
.$.....@§.........>
.#<#.#.##.#.###### # #.
#.#.####### #. #.#.##..'†##
..#. #. #.#.#...##.# ..#.. ..
#(#.....##.# ....## ##
#.#..._.##.# ###+#.....
..#..)..##.#
......##.###########.#...##.#


You could see a water moccasin.

Vanquished Creatures
  Sigmund (D:2)
  A steam dragon (D:7)
  A water moccasin (D:5)
  An orc warrior (D:7)
  An ice beast (D:7)
  An ogre (D:4)
  A black bear (D:5)
  A centaur (D:6)
  2 phantoms
  2 scorpions (D:7)
  A bullfrog (D:7)
  A howler monkey (D:5)
  A bombardier beetle (D:6)
  An orc priest (D:3)
  3 hounds
  2 iguanas
  Natasha (thrice) (D:3)
  2 orc wizards
  4 gnolls
  5 adders
  2 ufetubi (D:7)
  2 ribbon worms
  13 orcs
  7 bats
  7 endoplasms
  2 giant cockroaches (D:2)
  10 goblins
  12 hobgoblins
  10 kobolds
  7 quokkas
  4 ball pythons
  7 frilled lizards
  3 rats
121 creatures vanquished.

Vanquished Creatures (collateral kills)
  A bombardier beetle (D:3)
1 creature vanquished.

Grand Total: 122 creatures vanquished

Notes
Turn   | Place    | Note
-------+----------+-------------------------------------------
     0 | D:1      | Silvore the Demonspawn Fighter began the quest for the Orb.
     0 | D:1      | Reached XP level 1. HP: 18/18 MP: 1/1
   114 | D:1      | Gained mutation: You have a small tail. [demonic ancestry]
   114 | D:1      | Reached XP level 2. HP: 24/24 MP: 2/2
   183 | D:1      | Reached skill level 2 in Long Blades
   368 | D:1      | Reached XP level 3. HP: 16/29 MP: 3/3
  1014 | D:2      | Noticed Sigmund
  1037 | D:2      | Killed Sigmund
  1038 | D:2      | Reached skill level 3 in Long Blades
  1038 | D:2      | Reached XP level 4. HP: 6/37 MP: 4/4
  1038 | D:2      | Gained mutation: You are partially covered in molten
                  | scales. (AC +2) [demonic ancestry]
  1038 | D:2      | Reached XP level 5. HP: 6/42 MP: 5/5
  1177 | D:2      | Identified the +7 whip "Iqysubae" {flame, +Blink rF+ Will+}
  1497 | D:2      | You fall into a shaft and drop 2 floors!
  1579 | D:4      | Gained mutation: A weak demonic guardian rushes to your
                  | aid. [demonic ancestry]
  1579 | D:4      | Reached XP level 6. HP: 33/48 MP: 6/6
  2326 | D:3      | Reached skill level 4 in Long Blades
  2668 | D:3      | Noticed Natasha
  2686 | D:3      | Killed Natasha
  2903 | D:3      | Noticed Natasha
  2911 | D:3      | Killed Natasha
  2916 | D:3      | Noticed Natasha
  2923 | D:3      | Killed Natasha
  3323 | D:4      | Gained mutation: You have a tail ending in a sharp stinger.
                  | [demonic ancestry]
  3323 | D:4      | Reached XP level 7. HP: 43/54 MP: 7/7
  3365 | D:4      | Found a hazy altar of Hepliaklqana.
  3630 | D:5      | Entered Level 5 of the Dungeon
  3630 | D:5      | Found a hide-covered altar of Uskayaw.
  3630 | D:5      | Found a burning altar of Makhleb.
  3630 | D:5      | Found a snail-covered altar of Cheibriados.
  3632 | D:5      | Found a broken altar of Ashenzari.
  3632 | D:5      | Found a basalt altar of Yredelemnul.
  3639 | D:5      | Reached skill level 5 in Long Blades
  3644 | D:5      | Found a shimmering altar of Xom.
  3748 | D:5      | Found a staircase to the Ecumenical Temple.
  3801 | Temple   | Entered the Ecumenical Temple
  3809 | Temple   | Became a worshipper of Warmaster Okawaru
  3919 | D:5      | Reached skill level 6 in Long Blades
  4519 | D:6      | Reached XP level 8. HP: 58/61 MP: 8/8
  4627 | D:6      | Reached * piety under Okawaru
  4865 | D:6      | Reached skill level 5 in Armour
  5313 | D:7      | Found Taimomeec's Antique Weapon Shop.
  5403 | D:7      | Found a bloodstained altar of Trog.
  5418 | D:7      | Reached skill level 7 in Long Blades
  5519 | D:7      | Reached skill level 5 in Fighting
  5565 | D:7      | Slain by a water moccasin

Illustrated notes

Levels and vault maps discovered:
D:1:      dpeg_arrival_houses_and_road, layout_loops_ring
D:2:      layout_rooms, uniq_sigmund
D:3:      layout_basic, st_stairs_12, wander_ebering_terrifying_dragon_lair,
          uniq_natasha
D:4:      layout_basic, mainiacjoe_overflow_cross_hatched
D:5:      layout_loops_ring, zin_academy, grunt_temple_overflow_open,
          minmay_temple_entry_statues_fountains
D:6:      layout_basic
D:7:      layout_basic, trog_butcher_becter, serial_shops,
          nicolae_shop_pleasant_corner_grove
Temple:   eino_temple_lava

Skill      XL: |  1  2  3  4  5  6  7  8 |
---------------+-------------------------+-----
Long Blades    | 2 3 4 6 7 |  7.1
Armour         | 3 4 5 |  5.4
Shields        | 3 4 |  4.9
Fighting       | 4 5 |  5.4
Dodging        | |  0.8
Stealth        | |  0.1

Action                     |  1- 3 |  4- 6 |  7- 9 || total
---------------------------+-------+-------+-------++-------
  Melee: Long sword        |   109 |   172 |   220 ||   501
         Tailslap          |     7 |    25 |    25 ||    57
    Use: Scroll            |     2 |     9 |     6 ||    17
         Potion            |     1 |       |     4 ||     5
 Armour: Scale mail        |    44 |       |       ||    44
         Plate armour      |    43 |   158 |   229 ||   430
  Dodge: Dodged            |    44 |    49 |    79 ||   172
  Block: Buckler           |    27 |    31 |    68 ||   126
